 Dungeon Crawl Stone Soup version 0.32-a0-818-gb728d0252e (webtiles) character file.

Game seed: 6298696772937699026

418 wildpjah the Ducker (level 6, -4/47 HPs)
             Began as a Demonspawn Gladiator on Mar 25, 2024.
             Slain by Duvessa
             ... wielding a +0 short sword
              (13 damage)
             ... on level 4 of the Dungeon.
             The game lasted 00:09:08 (3061 turns).

wildpjah the Ducker (Demonspawn Gladiator)          Turns: 3061, Time: 00:09:09

Health: -4/47      AC:  7    Str: 15    XL:     6   Next: 61%
Magic:  6/6        EV: 12    Int: 14    God:
Gold:   202        SH:  0    Dex: 22    Spells: 5/5 levels left

rFire   . . .        y - +3 dagger (venom)
rCold   . . .        (no shield)
rNeg    . . .        m - +0 ring mail
rPois   .            c - +0 helmet
rElec   .            p - +0 cloak
rCorr   .            (no gloves)
SInv    .            (no boots)
Will    .....        r - amulet of the acrobat
Stlth   ++           k - +6 ring of dexterity
HPRegen 0.27/turn    t - +6 ring of intelligence
MPRegen 0.10/turn

%: acrobat
@: lethally poisoned (-4 -> -8)
A: claws 2, powered by death 1, sturdy frame 1
a: no special abilities


You were on level 4 of the Dungeon.
You visited 1 branch of the dungeon, and saw 4 of its levels.

You collected 202 gold pieces.

Inventory:

Hand Weapons
 a - a +0 long sword
 i - a +2 dagger of flaming
 y - a +3 dagger of venom (weapon)
Missiles
 d - 4 throwing nets (quivered)
 e - a javelin
 u - 2 silver javelins
Armour
 b - a +0 leather armour
 c - a +0 helmet (worn)
 m - a +0 ring mail (worn)
 p - a +0 cloak (worn)
Jewellery
 k - a +6 ring of dexterity (left claw)
 r - an amulet of the acrobat (around neck)
 t - a +6 ring of intelligence (right claw)
Scrolls
 f - a scroll of brand weapon {unknown}
 h - a scroll of enchant armour {unknown}
 n - a scroll of enchant weapon {unknown}
 s - a scroll of identify {unknown}
 v - 2 scrolls of amnesia {unknown}
 x - a scroll of blinking {unknown}
Potions
 g - 5 potions of curing {unknown}
 j - a potion of heal wounds {unknown}
 l - a potion of berserk rage {unknown}
 o - a potion of lignification {unknown}
 q - a potion of attraction {unknown}
 w - 2 potions of mutation {unknown}


   Skills:
 + Level 3.0 Fighting
 + Level 2.4(3.3) Short Blades
 - Level 3.3(3.7) Long Blades
 + Level 1.9 Throwing
 + Level 3.1 Armour
 + Level 3.5 Dodging
 + Level 2.2 Stealth


You had 5 spell levels left.
You didn't know any spells.
Your spell library was empty.

Dungeon Overview and Level Annotations

Branches:
Dungeon (4/15)
 Temple: D:4-7

Altars:

Shops:
D:3 *

Annotations:
D:3 1 runed translucent door, Chish's ghost, amateur FoFi
D:4 1 runed translucent door, Crazy Yiuf; Duvessa


Innate Abilities, Weirdness & Mutations

You have very sharp fingernails.
You regenerate a little health from kills.
Your movements are slightly less encumbered by armour. (ER -2)


Message History

You completely miss Dowan.
Dowan is moderately wounded.
You hit Dowan. You burn Dowan.
Dowan is heavily wounded.
You feel sick. Dowan barely misses you.
You hit Dowan. You burn Dowan.
Dowan is severely wounded.
You feel sick. Dowan closely misses you.
You closely miss Dowan.
Dowan is severely wounded.
You feel sick. Dowan hits you but does no damage.
You are more poisoned.
You barely miss Dowan.
Dowan is severely wounded.
You feel sick.
Dowan hits you with a +3 dagger of venom.
You are more poisoned.
You hit Dowan. You burn Dowan.
Dowan is almost dead.
You feel very sick.
Dowan points at you and mumbles some strange words.
The puff of flame misses you.
You hit Dowan. You burn Dowan.
You kill Dowan!
You hear a distant scream of rage.
You feel very sick.
Your Stealth skill increases to level 2!
You feel very sick.
Duvessa, Sister of Dowan comes into view.
She is wielding a +0 short sword.
Things that are here:
a +3 dagger of venom; a +0 robe; the elf corpse of Dowan
y - a +3 dagger of venom You feel sick.
Duvessa goes berserk!
Your +2 dagger of flaming stops flaming.
Your +3 dagger of venom begins to drip with poison!
y - a +3 dagger of venom (weapon)
You feel sick. Duvessa hits you with a +0 short sword!
* * * LOW HITPOINT WARNING * * *
You barely miss Duvessa.
You feel sick. Duvessa hits you with a +0 short sword!
You die...

## ##.### #..#.#
####.... ##.##..#
#.>.#..# #......# #
##....@e# #
###..####.......
####
#......##.#.....
#..######.......#.#
....
.....#.....#.......
.[.
..#......#..........
..
..##.#.###..###.....
. .##...####.##
##... ####....##..#
...


You could see Duvessa (berserk).

Vanquished Creatures
  An ogre (D:3)
  A phantom (D:4)
  Dowan (D:4)
  2 orc priests (D:3)
  Jessica (D:3)
  2 orc wizards (D:3)
  An adder (D:3)
  3 dart slugs
  A ribbon worm (D:3)
  6 orcs (D:3)
  4 ball pythons
  7 endoplasms
  A giant cockroach (D:1)
  6 goblins
  9 hobgoblins
  A quokka (D:1)
  4 bats
  4 frilled lizards
  7 kobolds
  5 rats
67 creatures vanquished.

Notes
Turn   | Place    | Note
-------+----------+-------------------------------------------
     0 | D:1      | wildpjah the Demonspawn Gladiator began the quest for the
                  | Orb.
     0 | D:1      | Reached XP level 1. HP: 16/16 MP: 1/1
   112 | D:1      | Gained mutation: You have sharp fingernails. [demonic
                  | ancestry]
   112 | D:1      | Reached XP level 2. HP: 21/22 MP: 2/2
   922 | D:2      | Gained mutation: You regenerate a little health from kills.
                  | [demonic ancestry]
   922 | D:2      | Reached XP level 3. HP: 27/27 MP: 3/3
  1737 | D:3      | Reached skill level 1 in Armour
  1737 | D:3      | Reached XP level 4. HP: 16/34 MP: 4/4
  1747 | D:3      | Reached skill level 1 in Short Blades
  1841 | D:3      | Found Wuerefi's General Store.
  1975 | D:3      | Gained mutation: You have very sharp fingernails. [demonic
                  | ancestry]
  1975 | D:3      | Reached XP level 5. HP: 2/39 MP: 5/5
  2229 | D:3      | Reached skill level 1 in Stealth
  2351 | D:3      | Found a runed translucent door.
  2352 | D:3      | Noticed Chish's ghost (amateur FoFi)
  2369 | D:3      | Noticed Jessica
  2375 | D:3      | Killed Jessica
  2758 | D:4      | Noticed a phantom
  2792 | D:4      | Noticed an ogre
  2825 | D:3      | Killed an ogre
  2826 | D:3      | Gained mutation: Your movements are slightly less
                  | encumbered by armour. (ER -2) [demonic ancestry]
  2826 | D:3      | Reached XP level 6. HP: 28/46 MP: 6/6
  3013 | D:4      | Found a runed translucent door.
  3014 | D:4      | Noticed Crazy Yiuf
  3044 | D:4      | Noticed Dowan
  3057 | D:4      | Killed Dowan
  3058 | D:4      | Noticed Duvessa
  3061 | D:4      | Slain by Duvessa

Illustrated notes

Levels and vault maps discovered:
D:1:      lemuel_arrival_cross, layout_basic, kennysheep_pointless_box,
          st_stairs_4, dk_noncrumbling_4, corexii_leaking_fountain
D:2:      layout_loops_corners
D:3:      minmay_skewed_foursquare, layout_loops_ring,
          ebering_ghost_reflecting_pool, serial_shops, shop,
          nicolae_houndstooth_variations, uniq_jessica
D:4:      layout_cave_pools, gammafunk_ghost_nasty_kobolds,
          lexackson_kobold_supper, uniq_sigmund, uniq_crazy_yiuf_cottage,
          uniq_edmund, uniq_duvessa

Skill      XL: |  1  2  3  4  5  6 |
---------------+-------------------+-----
Dodging        | 3 |  3.5
Long Blades    | 3 |  3.3
Armour         | 1 2 3 |  3.1
Short Blades   | 1 2 |  2.4
Stealth        | 1 2 |  2.2
Fighting       | 3 |  3.0
Throwing       | |  1.9

Action                     |  1- 3 |  4- 6 || total
---------------------------+-------+-------++-------
  Melee: Long sword        |    30 |       ||    30
         Dagger            |    63 |   134 ||   197
  Throw: Throwing net      |       |     1 ||     1
   Stab: Sleeping          |     1 |     1 ||     2
         Held in net/web   |       |     1 ||     1
 Armour: Leather armour    |    22 |       ||    22
         Ring mail         |    24 |    62 ||    86
  Dodge: Dodged            |    35 |    55 ||    90

Table legend: (Time is in decaauts)
 A = Elapsed time spent in this place.
 B = Non-inter-level travel time spent in this place.
 C = Inter-level travel time spent in this place.
 D = Time resting spent in this place.
 E = Time spent auto-exploring this place.
 F = Levels seen in this place.
 G = Mean time per level.
                   A        B        C        D        E       F      G
               +--------+--------+--------+--------+--------+-----+--------+
         Total |   3041 |   2973 |     68 |     74 |   2316 |   4 |  760.2 |
       Dungeon |   3041 |   2973 |     68 |     74 |   2316 |   4 |  760.2 |
               +--------+--------+--------+--------+--------+-----+--------+

Top non-repeatable levels by time:
     D:3: 1125 daAuts
     D:2: 921 daAuts
     D:1: 749 daAuts
     D:4: 244 daAuts
